Map: Kairos Junction LE

Players

Protocall

  • Race: Protoss Protoss
  • League: Gold
  • Spawn Location: 5:00

Petrie - Winner!

  • Race: Protoss Protoss
  • League: Gold
  • Spawn Location: 11:00

VOD

Have the link to the VOD?

Description

Time

  • Played on: Nov. 20, 2018, 9:06 p.m.
  • Length: 7:17
Show
View Real Time Build Order
Export as new Build Order

Protocall Protoss 

Build Orders: Cannon Rush 

Get SALT Encoding   

  1  0:00  Probe  
  12  0:04  Probe  
  14  0:15  Probe  
  15  0:21  Pylon  
  15  0:41  Forge  
  15  0:45  Probe  
  16  0:55  Probe  
  16  0:56  Pylon  
  16  1:03  Probe  
  17  1:09  Gateway  
  18  1:15  Photon Cannon  
  18  1:28  Photon Cannon  
  18  1:38  Photon Cannon  
  18  2:00  Pylon  
  18  2:11  Pylon  
  18  2:14  Pylon  
  18  2:19  Photon Cannon  
  18  2:23  Photon Cannon  
  18  2:33  Photon Cannon  
  18  2:43  Probe  
  17  2:50  Assimilator  
  18  2:51  Probe  
  19  3:01  Photon Cannon, Probe  
  19  3:04  Pylon  
  20  3:13  Probe  
  20  3:16  Photon Cannon  
  21  3:28  Photon Cannon  
  21  3:30  Photon Cannon  
  21  3:39  Photon Cannon  
  21  3:51  Photon Cannon  
  21  4:01  Photon Cannon  
  21  4:08  Photon Cannon  
  21  4:16  Photon Cannon  
  21  4:26  Photon Cannon  
  21  4:31  Pylon  
  21  4:41  Photon Cannon  
  21  4:51  Photon Cannon  
  21  4:56  Photon Cannon  
  20  5:36  Nexus  
  20  5:46  Probe  
  20  5:48  Cybernetics Core  
  21  5:54  Assimilator, Probe  
  21  6:01  Pylon  
  21  6:04  Probe  
  23  6:16  Probe  
  24  6:25  Pylon  
  24  6:28  Photon Cannon  
  24  6:29  Photon Cannon  
  24  6:32  Photon Cannon  
  24  6:38  Shield Battery  
  24  6:48  Photon Cannon  
  24  6:55  Pylon  
  24  6:58  Pylon  
Show
View Real Time Build Order
Export as new Build Order

Petrie Protoss - Winner!

Build Orders:  

Get SALT Encoding   

  12  0:01  Probe  
  13  0:13  Probe  
  14  0:18  Pylon  
  14  0:25  Probe  
  15  0:35  Probe  
  15  0:38  Gateway  
  16  0:43  Probe  
  16  0:48  Assimilator  
  17  0:51  Probe  
  17  0:56  Assimilator  
  18  1:03  Probe  
  19  1:15  Gateway  
  19  1:26  Pylon  
  19  1:32  Cybernetics Core  
  19  1:41  Probe  
  20  1:52  Pylon  
  20  1:57  Gateway  
  20  1:58  Stalker  
  22  2:11  Warp Gate  
  22  2:13  Shield Battery  
  22  2:23  Shield Battery  
  22  2:34  Stalker  
  22  2:48  Probe  
  22  2:49  Gateway  
  25  3:18  Pylon  
  25  3:28  Stalker  
  25  3:29  Shield Battery  
  25  3:30  Shield Battery  
  25  4:04  Gateway  
  25  4:07  Gateway  
  25  4:23  Stalker  
  27  4:28  Robotics Facility  
  27  4:46  Gateway  
  27  4:54  Stalker  
  27  5:09  Stalker  
  27  5:10  Stalker  
  31  5:25  Pylon  
  31  5:27  Pylon  
  31  5:38  Warp Prism  
  31  5:45  Stalker x2  
  31  5:48  Probe  
  38  6:07  Stalker x2  
  42  6:26  Stalker x2  
  46  6:38  Pylon  
  46  6:40  Pylon  
  46  6:59  Stalker  
  46  7:00  Stalker x2  
Tags
 
League
GoldGold
Matchup
PvP
Spawn Locations
Cross Positions
Add a new tag
Caveats
  • Supply blocks, unpowered buildings, or Contaminate may cause inaccurate times.
  • Supply counts are checked every 10 seconds.